Map: 凯罗斯中转站-天梯版

Players

Stephano

  • Race: Zerg Zerg

GogojOey - Winner!

  • Race: Zerg Zerg

Event: WESG 2018 Grand Finals

VOD

Have the link to the VOD?

Description

Time

  • Played on: March 12, 2019, 4:50 a.m.
  • Length: 6:18

All games in this series

Show
View Real Time Build Order
Export as new Build Order

Stephano Zerg 

Build Orders: Hatch First, Roach Nydus 

Get SALT Encoding   

  12  0:00  Drone  
  13  0:12  Overlord  
  13  0:17  Drone  
  14  0:30  Drone x2  
  16  0:48  Hatchery  
  15  0:51  Drone  
  15  0:55  Drone  
  17  0:58  Drone  
  18  1:09  Extractor  
  17  1:13  Spawning Pool  
  17  1:17  Drone  
  17  1:20  Drone  
  18  1:28  Drone  
  19  1:38  Drone  
  20  1:50  Drone  
  21  2:00  Queen x2  
  21  2:01  Drone  
  26  2:02  Overlord  
  26  2:11  Drone x2  
  28  2:22  Drone x2  
  30  2:33  Drone x2, Extractor  
  30  2:35  Queen  
  33  2:37  Lair  
  33  2:43  Overlord  
  33  2:46  Drone  
  34  2:54  Drone x2  
  34  2:55  Roach Warren  
  35  3:04  Drone  
  36  3:10  Drone x6  
  42  3:20  Overlord  
  42  3:27  Overlord  
  42  3:32  Evolution Chamber  
  41  3:34  Zergling x2  
  41  3:35  Zergling x4  
  44  3:42  Zergling x4  
  44  3:46  Queen  
  44  3:47  Queen  
  50  3:48  Roach  
  50  3:50  Roach  
  47  3:57  Roach  
  40  4:03  Roach  
  42  4:17  Roach x3  
  46  4:34  Queen  
  46  4:35  Nydus Network  
  46  4:48  Drone x2  
  46  4:49  Drone  
  46  4:52  Overlord  
  49  5:01  Roach x2  
  49  5:05  Roach  
  55  5:13  Nydus Canal  
  55  5:14  Roach x2  
  59  5:18  Roach  
  59  5:20  Roach  
  63  5:27  Nydus Canal  
  63  5:28  Roach  
  65  5:33  Roach  
  67  5:41  Nydus Canal  
  67  5:44  Overlord  
  67  5:51  Drone  
Show
View Real Time Build Order
Export as new Build Order

GogojOey Zerg - Winner!

Build Orders: Hatch First 

Get SALT Encoding   

  12  0:00  Drone  
  13  0:12  Overlord  
  13  0:17  Drone  
  14  0:30  Drone x2  
  14  0:34  Drone  
  17  0:51  Hatchery  
  17  0:54  Drone  
  17  0:57  Drone  
  18  1:07  Extractor  
  17  1:12  Spawning Pool  
  17  1:15  Drone  
  18  1:18  Drone  
  18  1:28  Drone  
  19  1:38  Overlord  
  19  1:49  Drone  
  20  1:59  Queen  
  20  2:00  Drone  
  23  2:03  Queen  
  23  2:04  Drone  
  23  2:06  Metabolic Boost  
  26  2:11  Drone  
  26  2:15  Drone  
  28  2:22  Drone  
  29  2:26  Drone  
  30  2:34  Hatchery  
  29  2:39  Drone  
  30  2:44  Queen  
  30  2:50  Overlord  
  32  2:55  Zergling x4  
  32  2:56  Zergling x2  
  35  3:00  Zergling x2  
  36  3:08  Zergling x4  
  36  3:09  Zergling x4  
  36  3:10  Zergling x2  
  41  3:15  Zergling x4  
  41  3:18  Overlord  
  43  3:24  Overlord  
  43  3:31  Overlord, Evolution Chamber  
  42  3:38  Zergling x2  
  42  3:39  Zergling x2  
  40  3:51  Drone x4  
  40  3:52  Drone  
  43  3:55  Drone  
  43  3:58  Zerg Missile Weapons Level 1  
  43  4:02  Zergling x6  
  45  4:14  Roach Warren  
  42  4:20  Drone x2  
  42  4:21  Drone x3, Extractor  
  42  4:22  Drone  
  46  4:29  Overlord  
  43  4:47  Overlord  
  43  4:56  Roach x9  
  43  4:59  Roach  
  63  5:02  Roach x2  
  66  5:10  Roach x2  
  70  5:14  Overlord  
  70  5:16  Roach  
  72  5:27  Overlord  
  72  5:31  Roach x5  
  82  5:42  Drone x2  
  83  5:43  Drone x2  
  83  5:44  Drone  
  83  5:45  Roach  
  88  5:51  Roach x3  
Tags
 
Add a new tag
Caveats
  • Supply blocks, unpowered buildings, or Contaminate may cause inaccurate times.
  • Supply counts are checked every 10 seconds.